 Dungeon Crawl Stone Soup version 0.21-a0-72-gbbb65ab (webtiles) character file.

718 Ijustatesigmund the Skirmisher (level 7, 0/51 HPs)
             Began as an Octopode Artificer on June 20, 2017.
             Succumbed to a gnoll's poison
             ... on level 3 of the Dungeon.
             The game lasted 00:11:53 (3295 turns).

Ijustatesigmund the Skirmisher (Octopode Artificer) Turns: 3295, Time: 00:11:54

Health: 0/51       AC:  2    Str: 11    XL:     7   Next: 70%
Magic:  7/9        EV: 15    Int: 14    God:
Gold:   148        SH:  0    Dex: 14    Spells: 6/6 levels left

rFire    + . .     SeeInvis .   o - +2 dagger (venom)
rCold    . . .     Gourm    .   (no shield)
rNeg     . . .     Faith    .   (helmet restricted)
rPois    .         Spirit   +   g - amulet of guardian spirit
rElec    .         Reflect  .   (no ring)
rCorr    .         Harm     .   (no ring)
MR       .....                  (no ring)
Stlth    +++.......             (no ring)
HPRegen  0.17/turn              (no ring)
MPRegen  0.11/turn              (no ring)
                                (no ring)
                                (no ring)

@: lethally poisoned (0 -> -7)
A: almost no armour, stealthy swim, amphibious, 8 rings, constrict 8, tentacle
spike 1, rugged brown scales 1, camouflage 1, fire resistance 1, gelatinous body
1
a: no special abilities


You were on level 3 of the Dungeon.
You were hungry.

You visited 1 branch of the dungeon, and saw 4 of its levels.

You collected 148 gold pieces.

Inventory:

Hand Weapons
 a - a +0 short sword
 o - a +2 dagger of venom (weapon)
Missiles
 m - 3 tomahawks of returning (quivered)
Jewellery
 g - an amulet of guardian spirit (around mantle)
Wands
 b - a wand of flame (15/48)
 c - a wand of enslavement (20/24)
 d - a wand of random effects (15/48)
 i - a wand of random effects (32/48)
 r - a wand of enslavement (11/24)
Scrolls
 e - 2 scrolls of remove curse
 l - 3 scrolls of identify
Potions
 h - a potion of flight
Comestibles
 f - 3 bread rations
 j - a royal jelly


   Skills:
 * Level 5.1 Fighting
 * Level 5.1 Short Blades
 + Level 4.1 Dodging
 - Level 1.3 Stealth
 - Level 3.2 Evocations


You had 6 spell levels left.
You didn't know any spells.

Dungeon Overview and Level Annotations

Branches:
Dungeon (4/15)
 Temple: D:4-7

Altars:
Ashenzari
Dithmenos
Elyvilon
Hepliaklqana
Makhleb
Ru
Yredelemnul

Annotations:
D:3 Sigmund


Innate Abilities, Weirdness & Mutations

You cannot wear most types of armour.
You are very stealthy in the water. (Stealth+)
You are amphibious.
You can wear up to eight rings at the same time.
You can use your tentacles to constrict eight enemies at once.
Your skin changes colour to match your surroundings (Stealth+).
Your rubbery body absorbs attacks. (AC +1, EV +1)
One of your tentacles bears a spike.
You are partially covered in rugged brown scales. (AC +1, +3% HP)
Your flesh is heat resistant. (rF+)


Message History

* * * LOW HITPOINT WARNING * * *
You feel sick.
* * * LOW HITPOINT WARNING * * *
You feel sick.
You feel a bit more experienced.
* * * LOW HITPOINT WARNING * * *
You feel sick.
* * * LOW HITPOINT WARNING * * *
You feel sick.
* * * LOW HITPOINT WARNING * * *
You feel sick.
Okay, then.
* * * LOW HITPOINT WARNING * * *
You feel sick.
* * * LOW HITPOINT WARNING * * *
You feel sick.
* * * LOW HITPOINT WARNING * * *
You feel sick.
* * * LOW HITPOINT WARNING * * *
You feel sick.
You die...

≈≈≈≈≈≈≈≈≈≈≈≈≈≈≈≈≈≈≈≈≈≈≈≈≈≈≈≈#####
≈≈≈≈≈≈≈≈≈≈≈≈≈≈≈≈≈≈≈≈≈≈≈≈≈≈≈≈≈≈≈≈≈
≈≈≈≈≈≈≈≈≈≈≈≈≈≈≈≈≈≈≈≈≈≈≈≈≈≈≈≈≈####
##############################,,,
,#....#.......#.....)).......#,,,
,#....#......))..).).........#,,,
##....#########..............##+#
#......#..........########......#
'......'........@.# #......#
#......#..........########......#
##....#########...........[..##K#
,#.)).#.....).'..............#,g)
,#.)..#.....).#..............#,gK
###')#########################,$$
(≈(.).≈≈≈≈≈≈≈≈≈≈≈≈≈≈≈≈≈≈≈≈≈≈≈####
≈≈....≈≈≈≈≈≈≈≈≈≈≈≈≈≈≈≈≈≈≈≈≈≈≈≈≈≈≈
≈≈..(..≈≈≈≈≈≈≈≈≈≈≈≈≈≈≈≈≈≈≈≈≈≈≈≈≈≈


There were no monsters in sight!

Vanquished Creatures
  Grinder (D:4)
  The ghost of HAL9000 the Sneak, an amateur VSAs (D:3)
  A big kobold (D:3)
  A crimson imp (D:2)
  2 orc wizards (D:4)
  A worker ant (D:4)
  4 gnolls (D:3)
  7 adders
  4 oozes
  2 worms (D:2)
  2 dart slugs (D:2)
  A leopard gecko (D:4)
  2 orcs
  6 bats
  5 giant cockroaches
  15 goblins
  16 hobgoblins
  11 kobolds
  2 quokkas (D:2)
  5 frilled lizards
  4 rats
  A spectral orc (D:3)
94 creatures vanquished.

Vanquished Creatures (collateral kills)
  An iguana (D:4)
  A gnoll (D:3)
  A hobgoblin (D:3)
  A kobold (D:3)
4 creatures vanquished.

Vanquished Creatures (others)
  A big kobold (D:3)
  4 toadstools (D:1)
5 creatures vanquished.

Grand Total: 103 creatures vanquished

Notes
Turn   | Place    | Note
-------+----------+-------------------------------------------
     0 | D:1      | Ijustatesigmund the Octopode Artificer began the quest for the Orb.
     0 | D:1      | Reached XP level 1. HP: 13/13 MP: 3/3
    92 | D:1      | Reached XP level 2. HP: 14/18 MP: 4/4
   506 | D:1      | Reached XP level 3. HP: 21/24 MP: 5/5
   845 | D:2      | Found a shadowy altar of Dithmenos.
   861 | D:2      | Reached XP level 4. HP: 21/30 MP: 6/6
  1199 | D:2      | Found a shattered altar of Ashenzari.
  1538 | D:2      | Found a burning altar of Makhleb.
  1546 | D:2      | Reached XP level 5. HP: 31/36 MP: 7/7
  1609 | D:2      | Found a sacrificial altar of Ru.
  1753 | D:3      | Noticed Sigmund
  1855 | D:3      | Noticed HAL9000's ghost (amateur VSAs)
  1870 | D:4      | Found a white marble altar of Elyvilon.
  1933 | D:4      | Found a hazy altar of Hepliaklqana.
  1973 | D:4      | Noticed Grinder
  1984 | D:4      | Killed Grinder
  1984 | D:4      | Reached XP level 6. HP: 32/43 MP: 6/8
  2316 | D:4      | Gained mutation: One of your tentacles bears a spike. [potion of mutation]
  2316 | D:4      | Gained mutation: Your flesh is heat resistant. (rF+) [potion of mutation]
  2316 | D:4      | Gained mutation: You are partially covered in rugged brown scales. (AC +1, +3% HP) [potion of mutation]
  2327 | D:4      | Reached XP level 7. HP: 44/50 MP: 7/9
  2381 | D:4      | Noticed a hornet
  2435 | D:3      | Found a basalt altar of Yredelemnul.
  2835 | D:3      | Killed HAL9000's ghost
  3274 | D:3      | Reached skill level 5 in Fighting
  3274 | D:3      | Reached skill level 5 in Short Blades
  3293 | D:3      | HP: 2/51 [poisoned by a gnoll]
  3295 | D:3      | Succumbed to a gnoll's poison

Vault maps used:
D:1:      ldierk_walled_garden_2
D:2:      ashenzari_altar_1, makhleb_grotto_becter, lemuel_crystal_altar,
          nicolae_dithmenos_shadow_blocks, first_bread
D:3:      minmay_goblin_kobold_castle, zin_angel,
          yredelemnul_forgotten_temple_becter, nemelex_altar_shiori,
          chequers_ecumenical_altar_simple_redux, minmay_misc_feat_diagonals,
          wad_floor_pattern_untrapped, grunt_ministairs_11, minivault_5,
          uniq_sigmund
D:4:      old_standard_altar, lemuel_coloured_pillars_altar, serial_bayou,
          serial_bayou_pond_c, serial_bayou_shore_b, serial_bayou_lagoon_a,
          serial_bayou_pond_a, serial_bayou_crossing, uniq_grinder

Skill      XL: |  1  2  3  4  5  6  7 |
---------------+----------------------+-----
Fighting       | 2 3 4 5 |  5.1
Short Blades   | 2 3 4 5 |  5.1
Dodging        | 3 4 |  4.1
Stealth        | |  1.3
Evocations     | |  3.2

Action                   |  1- 3 |  4- 6 |  7- 9 || total
-------------------------+-------+-------+-------++-------
Melee: Short sword       |    59 |    12 |       ||    71
       Tentacles         |    11 |    15 |    23 ||    49
       Constrict         |    14 |    22 |    18 ||    54
       Dagger            |       |    64 |    93 ||   157
       Kick              |       |       |    26 ||    26
Evoke: Wand              |       |     1 |     2 ||     3
  Use: Scroll            |       |     8 |     2 ||    10
       Potion            |       |     6 |       ||     6
 Stab: Sleeping          |     4 |     5 |     2 ||    11
  Eat: Chunk             |       |     4 |     1 ||     5
       Royal jelly       |       |       |     1 ||     1
Armor: Skin              |     4 |     2 |     5 ||    11
Dodge: Dodged            |    39 |    35 |    62 ||   136
